 Dungeon Crawl Stone Soup version 0.23.0-3-gf3c87f2 (webtiles) character file.

Game seed: 6916811327654684505

88 Borgoz the Sneak (level 4, -10/34 HPs)
             Began as a Ghoul Enchanter on Feb 24, 2019.
             Mangled by an iguana (12 damage)
             ... on level 3 of the Dungeon.
             The game lasted 00:06:06 (2588 turns).

Borgoz the Sneak (Ghoul Enchanter)                  Turns: 2588, Time: 00:06:06

Health: -10/34     AC:  3    Str: 11    XL:     4   Next: 54%
Magic:  0/6        EV: 12    Int: 10    God:
Gold:   92         SH:  0    Dex: 10    Spells: 5/7 levels left

rFire    + . .     SeeInvis .   a - +1 dagger
rCold    + + .     Gourm    .   (no shield)
rNeg     + + +     Faith    .   g - +1 robe {Archmagi}
rPois    ∞         Spirit   .   (no helmet)
rElec    .         Reflect  .   e - scarf {rC+ rF+}
rCorr    .         Harm     .   (no gloves)
MR       .....                  (no boots)
Stlth    ++........             f - amulet of inaccuracy (curse)
HPRegen  0.00/turn              (no ring)
MPRegen  0.10/turn              (no ring)

@: very slightly contaminated, rotting
A: rotting body, claws 1, carnivore, cold resistance 1, negative energy
resistance 3, inhibited regeneration, torment resistance, unbreathing
a: no special abilities


You were on level 3 of the Dungeon.
You were not hungry.

You visited 1 branch of the dungeon, and saw 3 of its levels.

You collected 92 gold pieces.

Inventory:

Hand Weapons
 a - a +1 dagger (weapon)
Armour
 b - a +2 pair of gloves
 e - a scarf of resistance (worn)
 g - a +1 robe of the Archmagi (worn)
Jewellery
 f - a cursed amulet of inaccuracy (around neck)
Scrolls
 h - a scroll of fog
 i - a scroll of remove curse
 j - a scroll of immolation {unknown}
 k - a scroll of amnesia
Comestibles
 d - 8 rations


   Skills:
 + Level 0.4 Fighting
 * Level 1.5 Short Blades
 + Level 2.1 Dodging
 + Level 4.2 Stealth
 + Level 2.0 Spellcasting
 * Level 3.0 Hexes
 - Level 0.4 Ice Magic


You had 5 spell levels left.
You knew the following spells:

 Your Spells              Type           Power        Failure   Level  Hunger
b - Ensorcelled Hibernat  Hex/Ice        #.....       22%         2    ###....

Your spell library contained the following spells:

 Spells                   Type           Power        Failure   Level  Hunger
 Corona                   Hex            ##.....      9%          1    ##.....
 Confuse                  Hex            ##......     26%         3    ####...
 Tukima's Dance           Hex            ##......     26%         3    ####...
 Dazzling Spray           Conj/Hex       #.....       45%         3    ####...


Dungeon Overview and Level Annotations

Branches:
Dungeon (3/15)

Altars:


Innate Abilities, Weirdness & Mutations

Your body is rotting away.
You thrive on raw meat.
You are immune to poison.
You have sharp fingernails.
You are carnivorous and can eat meat at any time.
Your flesh is cold resistant. (rC+)
You are immune to negative energy. (rN+++)
You do not regenerate when monsters are visible.
You are immune to unholy pain and torment.
You can survive without breathing.


Message History

Press: ? - help, Shift-Dir - straight line, f/p - iguana
Aim: an iguana (chance to defeat MR: 47%)
You feel a surge of power!
The iguana resists with some effort.
The iguana closely misses you.
You feel a little less agile now.
Casting: Ensorcelled Hibernation (safe; 22% risk of failure)
Confirm with . or Enter, or press ? or * to list all spells.
Aiming: Ensorcelled Hibernation (safe; 22% risk of failure)
Press: ? - help, Shift-Dir - straight line, f/p - iguana
Aim: an iguana (chance to defeat MR: 47%)
You feel a surge of power!
You miscast Ensorcelled Hibernation.
You are very lightly contaminated with residual magic.
Nothing appears to happen.
The iguana bites you!
* * * LOW HITPOINT WARNING * * *
You aren't carrying any potions.
As you read the scroll labeled GEELUF USIRIGH, it crumbles to dust.
It is a scroll of amnesia.
Forget Corona, freeing 1 spell level for a total of 5?
Your memory of Corona unravels.
The iguana bites you!
You die...

################## ##
#.....#..........#
#.##.###.#.########.#
#.#.#.....# #.# ##
#....#.### #.# #.#
##.....# #.#
#.###.#.#### #.#
#..#.##l# #.# #..##@#
#.# #.##.##.# #.#
#.......# #.#
####.......... #.#
.....##.#.... ####.##
####..# .# ...
#...... .?.. .# #
#(.###. ....# ## #..#
#. #.##.# #..###.


You could see an iguana.

Vanquished Creatures
  Jessica (D:2)
  A hound skeleton (D:3)
  An adder (D:2)
  An ooze (D:2)
  A worm (D:2)
  A dart slug (D:2)
  8 bats
  6 goblins
  2 hobgoblins (D:2)
  6 kobolds
  2 frilled lizards (D:2)
  6 rats
36 creatures vanquished.

Notes
Turn   | Place    | Note
-------+----------+-------------------------------------------
     0 | D:1      | Borgoz the Ghoul Enchanter began the quest for the Orb.
     0 | D:1      | Reached XP level 1. HP: 14/14 MP: 2/2
   256 | D:1      | Reached XP level 2. HP: 16/20 MP: 3/3
   920 | D:2      | Reached skill level 1 in Short Blades
  1096 | D:2      | Learned a level 2 spell: Ensorcelled Hibernation
  1300 | D:2      | Reached XP level 3. HP: 23/25 MP: 3/5
  1843 | D:2      | Reached skill level 4 in Stealth
  1885 | D:2      | Noticed Jessica
  1889 | D:2      | Killed Jessica
  1889 | D:2      | Reached XP level 4. HP: 34/34 MP: 1/6
  2588 | D:3      | Mangled by an iguana

Skill      XL: |  1  2  3 |
---------------+----------+-----
Short Blades   | 1 |  1.5
Spellcasting   | 2 |  2.0
Stealth        | 4 |  4.2
Dodging        | 2 |  2.1
Hexes          | 3 |  3.0
Fighting       | |  0.4
Ice Magic      | |  0.4

Action                   |  1- 3 |  4- 6 || total
-------------------------+-------+-------++-------
Melee: Dagger            |    82 |    60 ||   142
       Short sword       |    23 |       ||    23
 Cast: Ensorcelled Hiber |     7 |     5 ||    12
  Use: Scroll            |     4 |     1 ||     5
       Potion            |     4 |     2 ||     6
 Stab: Sleeping          |    13 |     2 ||    15
  Eat: Chunk             |    10 |       ||    10
Armor: Robe              |    27 |     5 ||    32
Dodge: Dodged            |    56 |    45 ||   101
